 Dungeon Crawl Stone Soup version 0.30-a0-989-g0d87f670db (webtiles) character file.

Game seed: 9526193724554720352

166 tilp the Sneak (level 5, 0/37 HPs)
             Began as a Vampire Enchanter on Apr 3, 2023.
             Was a Follower of Wu Jian.
             Slain by a wraith (3 damage)
             ... in an ossuary.
             The game lasted 00:05:25 (3243 turns).

tilp the Sneak (Vampire Enchanter)                  Turns: 3243, Time: 00:05:26

Health: 0/37       AC: 10    Str:  7    XL:     5   Next: 22%
Magic:  8/8        EV: 13    Int: 20    God:    Wu Jian [*.....]
Gold:   126        SH:  0    Dex: 14    Spells: 1/9 levels left

rFire   . . .      SeeInvis +    b - +1 short sword (protect)
rCold   . . .      Faith    .    (no shield)
rNeg    . . .      Spirit   .    f - +0 robe
rPois   .          Reflect  .    (no helmet)
rElec   .          Rampage  .    (no cloak)
rCorr   +                        u - +0 pair of gloves
Will    .....                    (no boots)
Stlth   +++                      (no amulet)
HPRegen 0.46/turn                t - ring of resist corrosion
MPRegen 0.11/turn                (no ring)

@: under a protective aura, healing quickly, hasted and slowed
A: alive, fangs 3, see invisible, vampiric 2
a: Exsanguinate, Renounce Religion


You were in an ossuary.
You worshipped Wu Jian.
Wu Jian was aware of your devotion.
You visited 1 branch of the dungeon, and saw 4 of its levels.
You also visited: Ossuary.

You collected 231 gold pieces.
You spent 105 gold pieces at shops.

Inventory:

Hand Weapons
 a - a +1 dagger
 b - a +1 short sword of protection (weapon)
Missiles
 h - 38 stones
 k - 5 poisoned darts (quivered)
Armour
 f - a +0 robe (worn)
 u - a +0 pair of gloves (worn)
Magical Staves
 p - a staff of earth
Jewellery
 d - an amulet of faith
 t - a ring of resist corrosion (left hand)
Wands
 r - a wand of digging (5)
Scrolls
 l - 2 scrolls of enchant weapon
 q - a scroll of teleportation {unknown}
 v - 2 scrolls of enchant armour {unknown}
 w - a scroll of identify
Potions
 c - a potion of invisibility
 e - 3 potions of might
 g - a potion of attraction
 i - a potion of resistance
 j - a potion of cancellation {unknown}
 m - a potion of curing
 n - 6 potions of degeneration {unknown}
 o - a potion of haste
 s - a potion of heal wounds {unknown}


   Skills:
 + Level 1.4 Fighting
 - Level 1.1(2.1) Short Blades
 * Level 2.5(2.6) Long Blades
 + Level 3.0 Dodging
 + Level 5.4 Stealth
 + Level 2.6 Spellcasting
 + Level 5.0 Hexes


You had one spell level left.
You knew the following spells:

 Your Spells              Type           Power      Damage    Failure   Level
a - Ensorcelled Hibernat  Hex/Ice        24%        N/A       8%          2
b - Confusing Touch       Hex            22%        N/A       5%          3
c - Tukima's Dance        Hex            22%        N/A       5%          3

Your spell library contained the following spells:

 Spells                   Type           Power      Damage    Failure   Level
 Kiss of Death            Conj/Necr      8%         2d6       16%         1
 Dazzling Flash           Conj/Hex       24%        N/A       16%         3
 Hailstorm                Conj/Ice       2%         3d3       41%         3
 Stone Arrow              Conj/Erth      4%         3d7       41%         3
 Animate Armour           Summ/Erth      4%         N/A       83%         4
 Dispel Undead            Necr           2%         3d7       83%         4
 Ice Form                 Ice/Tmut       2%         N/A       83%         4
 Simulacrum               Ice/Necr       1%         N/A       100%        6
 Lehudib's Crystal Spear  Conj/Erth      1%         10d2      100%        8


Dungeon Overview and Level Annotations

Branches:
Dungeon (4/15)            Ossuary (1/1)
 Temple: D:4-7

Altars:
Gozag
Vehumet
Wu Jian

Shops:
D:2 ?


Innate Abilities, Weirdness & Mutations

Your natural rate of healing is accelerated.
You have razor-sharp teeth.
You have supernaturally acute eyesight. (SInv)
You are afflicted with vampirism and can become a bat while bloodless.


Message History

The wraith is lightly damaged.
The wraith hits you.
* * * LOW HITPOINT WARNING * * *
The wraith drains your vigour!
You feel as though you will be slow longer.
You hit the wraith but do no damage. You bite the wraith, but do no damage.
The wraith is lightly damaged.
The wraith hits you!
* * * LOW HITPOINT WARNING * * *
The wraith drains your vigour!
You feel as though you will be slow longer.
The wraith closely misses you.
You hit the wraith but do no damage.
The wraith is lightly damaged.
The wraith hits you but does no damage.
Unknown command.
You feel better. The wraith closely misses you. The wraith hits you!
* * * LOW HITPOINT WARNING * * *
Unknown command.
You feel yourself speed up. The wraith hits you but does no damage.
Unknown command.
You completely miss the wraith.
The wraith is lightly damaged.
The wraith barely misses you.
You hit the wraith but do no damage.
Your weapon exudes an aura of protection.
The wraith is lightly damaged.
The wraith hits you.
* * * LOW HITPOINT WARNING * * *
The wraith drains your vigour!
You feel as though you will be slow longer.
Unknown command.
You barely miss the wraith.
The wraith is lightly damaged.
The wraith hits you.
* * * LOW HITPOINT WARNING * * *
You hit the wraith but do no damage.
The wraith is lightly damaged.
The wraith hits you.
You die...

#####+#####
#..@W.....##
#...##'##...##
#...##...##...##
#...##.?!!.##...#
+...#.!?!...#...+
#...##.?.?.##...#
##...##...##...##
#...#####...##
.##.........##.


You could see a wraith.

Vanquished Creatures
  Ijyb (D:3)
  Terence (D:3)
  A mummy (Ossuary)
  4 adders
  A worm (D:2)
  2 dart slugs
  6 endoplasms
  3 giant cockroaches
  3 goblins
  3 hobgoblins
  A quokka (D:3)
  5 ball pythons
  6 bats
  4 frilled lizards
  5 gnoll skeletons (Ossuary)
  2 goblin zombies (D:4)
  11 kobolds
  A kobold skeleton (Ossuary)
  3 orc skeletons (Ossuary)
  6 rats
69 creatures vanquished.

Notes
Turn   | Place    | Note
-------+----------+-------------------------------------------
     0 | D:1      | tilp the Vampire Enchanter began the quest for the Orb.
     0 | D:1      | Reached XP level 1. HP: 13/13 MP: 3/3
   268 | D:1      | Reached XP level 2. HP: 20/20 MP: 5/5
   414 | D:1      | Learned a level 2 spell: Ensorcelled Hibernation
   542 | D:1      | Reached skill level 1 in Long Blades
  1046 | D:2      | Gained mutation: You are afflicted with vampirism and can
                  | become a bat while bloodless. [Vampire growth]
  1046 | D:2      | Reached XP level 3. HP: 22/25 MP: 1/6
  1397 | D:2      | Found The Oracle's Delphic Readings.
  2194 | D:2      | Bought a scroll of enchant weapon for 105 gold pieces
  2264 | D:3      | Learned a level 3 spell: Confusing Touch
  2350 | D:3      | Reached skill level 1 in Fighting
  2350 | D:3      | Reached skill level 5 in Stealth
  2350 | D:3      | Reached XP level 4. HP: 20/32 MP: 1/7
  2378 | D:3      | Found a radiant altar of Vehumet.
  2451 | D:3      | Found an opulent altar of Gozag.
  2550 | D:3      | Noticed Ijyb
  2556 | D:3      | Killed Ijyb
  2603 | D:3      | Found an ornate altar of the Wu Jian Council.
  2612 | D:3      | Became a worshipper of the Wu Jian Council
  2896 | D:3      | Noticed Terence
  2902 | D:3      | Killed Terence
  2903 | D:3      | Reached XP level 5. HP: 37/37 MP: 8/8
  3071 | D:4      | Found a sand-covered staircase.
  3081 | D:4      | Reached skill level 5 in Hexes
  3101 | Ossuary  | Entered an ossuary
  3101 | Ossuary  | Noticed a wraith
  3101 | Ossuary  | Noticed a wraith
  3101 | Ossuary  | Noticed a wraith
  3147 | Ossuary  | Reached * piety under Wu Jian
  3192 | Ossuary  | Learned a level 3 spell: Tukima's Dance
  3201 | Ossuary  | Noticed a wraith
  3243 | Ossuary  | Slain by a wraith

Illustrated notes

Levels and vault maps discovered:
D:1:      onia_arrival_mini_spirals, layout_basic
D:2:      layout_basic, minivault_4, nicolae_nh_oracle_at_delphi
D:3:      layout_basic, nicolae_gozag_cash_rules_everything_around_me,
          nicolae_vehumet_radiance, mainiacjoe_overflow_boulevard,
          nicolae_overflow_hidden_temple, uniq_terence, uniq_ijyb
D:4:      layout_loops_ring, trog_ov_bears_minmay, enter_ossuary_4,
          reono_crystal_passage
Ossuary:  ossuary_due_mausoleum

Skill      XL: |  1  2  3  4  5 |
---------------+----------------+-----
Long Blades    | 1 2 |  2.5
Fighting       | 1 |  1.4
Stealth        | 5 |  5.4
Hexes          | 5 |  5.0
Dodging        | 3 |  3.0
Short Blades   | |  1.1
Spellcasting   | |  2.6

Action                     |  1- 3 |  4- 6 || total
---------------------------+-------+-------++-------
  Melee: Dagger            |    94 |    49 ||   143
         Bite              |    10 |    10 ||    20
         Short sword       |       |    55 ||    55
         Punch             |       |     2 ||     2
   Cast: Ensorcelled Hiber |    22 |     6 ||    28
         Confusing Touch   |       |     2 ||     2
Ability: Lunge             |       |     8 ||     8
    Use: Scroll            |    10 |     2 ||    12
         Potion            |     2 |     2 ||     4
   Stab: Sleeping          |    20 |    12 ||    32
         Invisible         |     1 |     1 ||     2
 Armour: Robe              |    13 |    38 ||    51
  Dodge: Dodged            |    61 |    66 ||   127

Table legend: (Time is in decaauts)
 A = Elapsed time spent in this place.
 B = Non-inter-level travel time spent in this place.
 C = Inter-level travel time spent in this place.
 D = Time resting spent in this place.
 E = Time spent auto-exploring this place.
 F = Levels seen in this place.
 G = Mean time per level.
                   A        B        C        D        E       F      G
               +--------+--------+--------+--------+--------+-----+--------+
         Total |   3234 |   3043 |    191 |     44 |   2363 |   5 |  646.8 |
       Dungeon |   3091 |   2900 |    191 |     35 |   2363 |   4 |  772.8 |
       Ossuary |    143 |    143 |      0 |      9 |      0 |   1 |  143.0 |
               +--------+--------+--------+--------+--------+-----+--------+

Top non-repeatable levels by time:
     D:2: 1244 daAuts
     D:1: 974 daAuts
     D:3: 769 daAuts
 Ossuary: 143 daAuts
     D:4: 103 daAuts
